 Dungeon Crawl Stone Soup version 0.28.0-47-ge53b351184 (webtiles) character file.

Game seed: 4904362491414972526

186 Iusername the Skirmisher (level 5, -6/47 HPs)
             Began as a Minotaur Fighter on May 5, 2022.
             Mangled by a scorpion (8 damage)
             ... on level 3 of the Dungeon.
             The game lasted 00:03:08 (2358 turns).

Iusername the Skirmisher (Minotaur Fighter)         Turns: 2358, Time: 00:03:08

Health: -6/47      AC:  7    Str: 26    XL:     5   Next: 38%
Magic:  4/4        EV:  9    Int:  5    God:
Gold:   104        SH:  4    Dex: 10    Spells: 4/4 levels left

rFire   . . .      SeeInvis .   a - +0 war axe
rCold   . . .      Faith    .   c - +0 buckler
rNeg    . . .      Spirit   .   b - +0 scale mail
rPois   .          Reflect  .   m - +0 hat of Tenacity {Rampage Str+4}
rElec   .          Harm     .   (no cloak)
rCorr   .          Rampage  +   (no gloves)
Will    .....                   (no boots)
Stlth   ..........              (no amulet)
HPRegen 0.15/turn               (no ring)
MPRegen 0.09/turn               (no ring)

@: mighty, lethally poisoned (-6 -> -12)
A: horns 2, retaliatory headbutt
a: no special abilities


You were on level 3 of the Dungeon.
You visited 1 branch of the dungeon, and saw 4 of its levels.

You collected 104 gold pieces.

Inventory:

Hand Weapons
 a - a +0 war axe (weapon)
Armour
 b - a +0 scale mail (worn)
 c - a +0 buckler (worn)
 m - the +0 hat of Tenacity (worn) {Rampage Str+4}
   (You found it on level 2 of the Dungeon)

   Str:       It affects your strength (+4).
   Rampage:   It bestows one free step when moving towards enemies.
Scrolls
 g - a scroll of fog {unknown}
 h - 2 scrolls of teleportation {unknown}
 i - a scroll of fear {unknown}
 j - a scroll of blinking {unknown}
 k - 2 scrolls of immolation {unknown}
 l - 3 scrolls of noise {unknown}
 p - a scroll of magic mapping {unknown}
 r - a scroll of amnesia {unknown}
 s - a scroll of vulnerability {unknown}
Potions
 d - 2 potions of might
 e - 2 potions of heal wounds {unknown}
 f - 2 potions of degeneration {unknown}
 n - a potion of curing {unknown}
 o - a potion of lignification {unknown}
 q - 2 potions of flight {unknown}


   Skills:
 + Level 4.9 Fighting
 + Level 3.9 Axes
 + Level 4.8 Armour
 + Level 4.8 Shields


You had 4 spell levels left.
You didn't know any spells.
Your spell library contained the following spells:

 Spells                   Type           Power      Damage    Failure   Level
 Stone Arrow              Conj/Erth      0%         3d7       99%         3
 Animate Armour           Summ/Erth      0%         N/A       100%        4
 Lehudib's Crystal Spear  Conj/Erth      0%         10d2      100%        8


Dungeon Overview and Level Annotations

Branches:
Dungeon (4/15)
 Temple: D:4-7

Altars:
Dithmenos
Gozag
Nemelex Xobeh


Innate Abilities, Weirdness & Mutations

You have a pair of horns on your head.
You reflexively headbutt those who attack you in melee.


Message History

The adder bites you but does no damage. The hound closely misses you.
You furiously retaliate!
You headbutt the hound!
You kill the hound!
The adder bites you but does no damage. The adder bites you but does no damage.
The orc priest shouts!
The orc priest invokes the aid of Beogh against you.
Beogh smites you!
* * * LOW HITPOINT WARNING * * *
The adder closely misses you. You block the orc's attack.
The adder bites you but does no damage. You block the adder's attack.
An orc comes into view. It is wielding a +0 dagger.
The lemure barely misses you. The adder barely misses you. The adder bites you.
* * * LOW HITPOINT WARNING * * *
The adder bites you but does no damage. The adder bites you but does no damage.
The lemure hits you but does no damage. The scorpion completely misses you.
There is a stone staircase leading up here.
Cleave: a) +0 war axe
Press: ? - help, Dir - move target, f - you
Okay, then.
The scorpion barely misses you.
You climb upwards.
There is a stone staircase leading down here.
The scorpion stings you.
* * * LOW HITPOINT WARNING * * *
You are lethally poisoned!
The scorpion poisons you!
You closely miss the scorpion.
* * * LOW HITPOINT WARNING * * *
You feel very sick. You block the scorpion's attack. x2
You barely miss the scorpion. You headbutt the scorpion!
The scorpion is almost dead.
* * * LOW HITPOINT WARNING * * *
You feel sick. The scorpion stings you!
You die...

#......######.........
###.###### #.#####..#
#.......# #.#####..#
#.......# #.##.....#
#..####.# #.##.##.##
#....##.####.........
#.##........)....####
#.#####.########.####
#..s@...# #.##.<
#...>...# #.##.#
######### #.##.#
#..... ####.# #.. ##.
#. #.


You could see a scorpion.

Vanquished Creatures
  A hound (D:4)
  Terence (D:2)
  5 adders
  A dart slug (D:1)
  7 orcs
  9 ball pythons
  5 bats
  5 endoplasms
  5 giant cockroaches
  7 goblins
  7 hobgoblins
  3 jackals (D:3)
  4 quokkas
  2 frilled lizards
  4 kobolds
  6 rats
72 creatures vanquished.

Notes
Turn   | Place    | Note
-------+----------+-------------------------------------------
     0 | D:1      | Iusername the Minotaur Fighter began the quest for the Orb.
     0 | D:1      | Reached XP level 1. HP: 19/19 MP: 0/0
   228 | D:1      | Reached XP level 2. HP: 27/27 MP: 1/1
   624 | D:1      | Found a faded altar of an unknown god.
   631 | D:1      | Reached XP level 3. HP: 33/33 MP: 2/2
   978 | D:2      | Identified the +0 hat of Tenacity {Rampage Str+4}
  1015 | D:2      | Noticed Terence
  1021 | D:2      | Killed Terence
  1022 | D:2      | Reached XP level 4. HP: 38/41 MP: 3/3
  1561 | D:3      | Found a sparkling altar of Nemelex Xobeh.
  1701 | D:3      | Found an opulent altar of Gozag.
  2049 | D:3      | Found a shadowy altar of Dithmenos.
  2076 | D:3      | Reached XP level 5. HP: 42/47 MP: 4/4
  2333 | D:4      | Noticed a lemure
  2334 | D:4      | Noticed a lemure
  2358 | D:3      | HP: 2/47 [poisoned by a scorpion]
  2358 | D:3      | Mangled by a scorpion

Illustrated notes

Levels and vault maps discovered:
D:1:      ncdulo_watergridlock, layout_basic, chequers_ecumenical_altar_simple
D:2:      layout_basic, uniq_terence
D:3:      layout_loops_cross, amcnicky_altar_gilded,
          mainiacjoe_overflow_brackets, mainiacjoe_overflow_boulevard,
          minivault_26
D:4:      lemuel_castle_with_subvaults [lemuel_castle_interior_carwin_2],
          layout_loops_cross, uniq_duvessa, uniq_pikel

Skill      XL: |  1  2  3 |
---------------+----------+-----
Fighting       | 4 |  4.9
Shields        | 4 |  4.8
Armour         | 4 |  4.8
Axes           | 3 |  3.9

Action                   |  1- 3 |  4- 6 || total
-------------------------+-------+-------++-------
Melee: War axe           |    66 |    74 ||   140
       Headbutt          |     4 |    12 ||    16
  Use: Potion            |       |     1 ||     1
Armor: Scale mail        |    31 |    40 ||    71
Dodge: Dodged            |    23 |    43 ||    66
Block: Buckler           |    24 |    19 ||    43
